 Dungeon Crawl Stone Soup version 0.23-a0-612-gcb482e9 (webtiles) character file.

284 mhoghedin the Skirmisher (level 6, -2/60 HPs)
             Began as a Kobold Berserker on Dec 21, 2018.
             Was a Priest of Trog.
             Slain by Crazy Yiuf
             ... wielding a +2 quarterstaff of chaos
              (14 damage)
             ... on level 3 of the Dungeon.
             The game lasted 00:04:59 (3554 turns).

mhoghedin the Skirmisher (Kobold Berserker)         Turns: 3554, Time: 00:05:00

Health: -2/60      AC:  2    Str: 21    XL:     6   Next: 55%
Magic:  6/6        EV: 15    Int:  8    God:    Trog [***...]
Gold:   167        SH:  0    Dex: 15    Spells: 5/5 levels left

rFire    . . .     SeeInvis .   d - +2 dagger (vamp) {!w}
rCold    . . .     Gourm    .   (shield restricted)
rNeg     . . .     Faith    .   b - +0 animal skin
rPois    .         Spirit   .   (no helmet)
rElec    .         Reflect  .   (no cloak)
rCorr    .         Harm     +   (no gloves)
MR       .....                  (no boots)
Stlth    ..........             r - amulet of harm
HPRegen  0.20/turn              l - ring of flight {+Fly, !d}
MPRegen  0.10/turn              (no ring)

@: berserking, about to teleport, very quick
A: small, carnivore
a: Berserk, Trog's Hand, Renounce Religion, Evoke Flight


You were on level 3 of the Dungeon.
You worshipped Trog.
Trog was most pleased with you.
You were full.

You visited 1 branch of the dungeon, and saw 3 of its levels.

You collected 167 gold pieces.

Inventory:

Hand Weapons
 a - a +0 mace
 d - a +2 vampiric dagger (weapon) {!w}
   (You found it on level 1 of the Dungeon)
Armour
 b - a +0 animal skin (worn)
Jewellery
 l - a ring of flight (left hand) {+Fly, !d}
   (You found it on level 2 of the Dungeon)
 r - an amulet of harm (around neck)
   (You found it on level 3 of the Dungeon)
Wands
 p - a wand of polymorph (6)
   (You found it on level 3 of the Dungeon)
Scrolls
 e - 2 scrolls of fear {unknown}
 f - 5 scrolls of identify {unknown}
 g - a scroll of enchant weapon {unknown}
 i - 2 scrolls of teleportation {unknown}
 k - a scroll of amnesia {unknown}
 n - a scroll of random uselessness {unknown}
 q - a scroll of remove curse {unknown}
Potions
 h - a potion of curing
 j - a potion of berserk rage {unknown}
 m - a potion of magic {unknown}
 o - 2 potions of flight {unknown}
Comestibles
 c - 5 rations


   Skills:
 + Level 5.5 Fighting
 + Level 5.0 Short Blades
 - Level 2.7 Maces & Flails
 - Level 1.6 Armour
 - Level 2.6 Dodging
 + Level 2.2 Stealth


You had 5 spell levels left.
You didn't know any spells.
Your spell library was empty.

Dungeon Overview and Level Annotations

Branches:
Dungeon (3/15)

Altars:
Cheibriados
Hepliaklqana
Makhleb
Xom

Annotations:
D:3 Crazy Yiuf


Innate Abilities, Weirdness & Mutations

You are small and have problems with some larger weapons.
You are carnivorous and can eat meat at any time.


Message History

a +0 dagger; a +0 whip; a +0 scale mail; a cursed +0 dagger; an orc corpse x2
You butcher the orc corpse.
s - 4 chunks of flesh {@w0}
Items here: ))) [ ÷ † a +0 dagger; a +0 whip; a +0 scale mail; a cursed +0 dagger; an orc skeleton an orc corpse You start resting.
Eating one of 4 chunks of flesh {@w0}.
You eat one of the 4 chunks of flesh {@w0}.
This raw flesh tastes great.
Eating one of 3 chunks of flesh {@w0}.
You eat one of the 3 chunks of flesh {@w0}.
This raw flesh tastes great.
Eating one of 2 chunks of flesh {@w0}.
You eat one of the 2 chunks of flesh {@w0}.
This raw flesh tastes great.
Eating a chunk of flesh {@w0}.
You eat the chunk of flesh {@w0}.
This raw flesh tastes great.
You feel yourself speed up.
You start resting.
You recover from your berserk rage.
You regained 2 hp, and now have 15/40 hp.
You start resting.
A hobgoblin comes into view.
You regained 8 hp, and now have 23/40 hp.
A hobgoblin is nearby!
You are too injured to fight recklessly!
You are too injured to fight recklessly!
You are too injured to fight recklessly!
The hobgoblin throws a stone.
The stone closely misses you.
The hobgoblin throws a stone.
The stone misses you.
The hobgoblin throws a stone.
The stone closely misses you. The hobgoblin barely misses you.
You hit the hobgoblin but do no damage. The hobgoblin hits you.
You hit the hobgoblin.
You feel better.
You hit the hobgoblin.
You feel better.
You kill the hobgoblin!
Trog accepts your kill.
You see here 19 stones.
You take 1 damage, and have 22/40 hp.
You start resting.
Health restored: 40 You see here 19 stones.
You see here 2 stones.
You see here 2 stones.
You see here 19 stones.
You see here 19 stones.
You see here 2 stones.
Items here: ))) [ ÷ a +0 dagger; a +0 whip; a +0 scale mail; a cursed +0 dagger; an orc skeleton You see here a +0 trident.
You see here 13 stones.
A hobgoblin comes into view. It is wielding a +0 club.
A hobgoblin is nearby!
A hobgoblin is nearby!
The helpless hobgoblin fails to defend itself.
You impale the hobgoblin!!
You kill the hobgoblin!
Trog accepts your kill.
No target in view!
No target in view!
No target in view!
No target in view!
No target in view!
No target in view!
No target in view!
No target in view!
No target in view!
You see here a +0 club.
You see here a +0 club.
Found a snail-covered altar of Cheibriados.
You see here a +0 club.
You see here 13 stones.
No target in view!
No target in view!
No target in view!
No target in view!
You open the door.
Crazy Yiuf the Enlightened comes into view.
He is wielding a +2 quarterstaff of
There is an open door here.
Crazy Yiuf shouts!
Crazy Yiuf grits, "Ghoul!"
Crazy Yiuf barely misses you.
You hit Crazy Yiuf.
Crazy Yiuf hits you with a +2 quarterstaff of chaos!
You suddenly lose the ability to move!
Crazy Yiuf hits you with a +2 quarterstaff of chaos!
* * * LOW HITPOINT WARNING * * *
You can move again.
You take 30 damage, and have 10/40 hp.
MASSIVE DAMAGE!!
Unknown command.
You hit Crazy Yiuf.
Crazy Yiuf hits you with a +2 quarterstaff of chaos.
* * * LOW HITPOINT WARNING * * *
You feel strangely unstable.
You take 2 damage, and have 8/40 hp.
A red film seems to cover your vision as you go berserk!
You feel yourself moving faster!
You feel mighty!
You feel a lot less full.
Crazy Yiuf hits you with a +2 quarterstaff of chaos!
You die...

#..........#
♣..P♣♣
#.########.#
♣♣.♣♣ #.# #.#
♣.♣♣ #.# #.#
♣♣.♣ #.# #.#
♣.♣♣ #.# #.#
♣♣.♣ #.# #.#
##'## #.#
#####.# #...#
..# #.....#
#.@.# ###
#.###.# #.g)# #
#.# #.# ##### #
#.###.# ##
#.....# ### ###
.# ####..# #.#
#.# .# #.## #.#
#.# .# #†# #.#
#.# .#
##.####.######.#


You could see Crazy Yiuf.

Vanquished Creatures
  2 orc priests (D:3)
  Natasha (thrice) (D:2)
  A worker ant (D:3)
  An adder (D:2)
  An ooze (D:2)
  4 worms
  A dart slug (D:1)
  4 leopard geckos
  4 orcs (D:3)
  3 ball pythons
  5 giant cockroaches
  12 hobgoblins
  8 jackals
  8 bats
  3 frilled lizards
  6 goblins
  11 kobolds
  16 rats
93 creatures vanquished.

Notes
Turn   | Place    | Note
-------+----------+-------------------------------------------
     0 | D:1      | mhoghedin the Kobold Berserker began the quest for the Orb.
     0 | D:1      | Reached XP level 1. HP: 14/14 MP: 1/1
   199 | D:1      | Reached XP level 2. HP: 19/19 MP: 2/2
   242 | D:1      | Reached skill level 1 in Short Blades
   403 | D:1      | Reached XP level 3. HP: 24/24 MP: 3/3
   558 | D:1      | Reached ** piety under Trog
   558 | D:1      | Reached skill level 2 in Short Blades
   807 | D:1      | Reached skill level 4 in Fighting
  1043 | D:2      | Reached XP level 4. HP: 19/29 MP: 4/4
  1349 | D:2      | Noticed Natasha
  1354 | D:2      | HP: 5/43 [Natasha (9)]
  1356 | D:2      | Killed Natasha
  1356 | D:2      | Reached skill level 3 in Short Blades
  1580 | D:2      | Found a hazy altar of Hepliaklqana.
  1581 | D:2      | Found a shimmering altar of Xom.
  1581 | D:2      | Noticed a boggart
  1582 | D:2      | Noticed a spectral ugly thing
  1582 | D:2      | Noticed a boggart
  1683 | D:2      | Reached XP level 5. HP: 34/34 MP: 5/5
  1813 | D:2      | Noticed Natasha
  1826 | D:2      | Killed Natasha
  1885 | D:2      | Reached *** piety under Trog
  1893 | D:2      | Reached skill level 4 in Short Blades
  1902 | D:2      | Found a burning altar of Makhleb.
  2028 | D:2      | Noticed Natasha
  2050 | D:2      | Killed Natasha
  2050 | D:2      | Reached skill level 5 in Fighting
  2462 | D:3      | Reached skill level 1 in Stealth
  2462 | D:3      | Reached XP level 6. HP: 26/40 MP: 6/6
  2813 | D:3      | Found a runed door.
  3074 | D:3      | HP: 10/40 [orc priest/+0 dagger (4)]
  3076 | D:3      | Reached skill level 5 in Short Blades
  3076 | D:3      | Reached skill level 2 in Stealth
  3441 | D:3      | Found a snail-covered altar of Cheibriados.
  3546 | D:3      | Noticed Crazy Yiuf
  3550 | D:3      | Paralysed by Crazy Yiuf for 2 turns
  3552 | D:3      | HP: 10/40 [Crazy Yiuf/+2 quarterstaff of chaos (18)]
  3554 | D:3      | Slain by Crazy Yiuf

Vault maps used:
D:1:      dpeg_arrival_leaves_temple_mockup
D:2:      regret_index_temple_of_mockery, lemuel_doored_altar, first_ration,
          kennysheep_cluttered_room, uniq_natasha
D:3:      marbit_many_paths, uniq_crazy_yiuf_cottage

Skill      XL: |  1  2  3  4  5  6 |
---------------+-------------------+-----
Short Blades   | 1 2 3 4 5 |  5.0
Fighting       | 4 5 |  5.5
Stealth        | 1 2 |  2.2
Maces & Flails | |  2.7
Armour         | |  1.6
Dodging        | |  2.6

Action                   |  1- 3 |  4- 6 || total
-------------------------+-------+-------++-------
Melee: Mace              |    21 |       ||    21
       Dagger            |   135 |   222 ||   357
Invok: Berserk           |     2 |     5 ||     7
  Use: Potion            |       |     1 ||     1
 Stab: Sleeping          |     1 |     3 ||     4
  Eat: Chunk             |     9 |     8 ||    17
       Ration            |       |     4 ||     4
Armor: Animal skin       |    23 |    24 ||    47
Dodge: Dodged            |   113 |   118 ||   231

Table legend:
 A = Non-vault XP
 B = Vault XP
 C = Vault XP percentage of total XP
 D = Non-vault monster count
 E = Vault monster count
 F = Vault count percentage of total count
                 A         B        C        D         E       F
            +---------+---------+-------+---------+---------+-------
      Total |     370 |      37 |   9.1 |      91 |       2 |   2.2
            +---------+---------+-------+---------+---------+-------
        D:1 |      50 |       0 |   0.0 |      30 |       0 |   0.0
        D:2 |     140 |      35 |  20.0 |      27 |       1 |   3.6
        D:3 |     180 |       2 |   1.1 |      34 |       1 |   2.9
            +---------+---------+-------+---------+---------+-------

Vault maps used:
D:1:      dpeg_arrival_leaves_temple_mockup
D:2:      regret_index_temple_of_mockery, lemuel_doored_altar, first_ration,
          kennysheep_cluttered_room, uniq_natasha
D:3:      marbit_many_paths, uniq_crazy_yiuf_cottage

Table legend:
 A = Turns spent in this place as a percentage of turns spent in the entire game.
 B = Non-inter-level travel turns spent in this place as a percentage of non-inter-level travel turns spent in the entire game.
 C = Inter-level travel turns spent in this place as a percentage of turns spent in this place.
 D = Turns resting spent in this place as a percentage of non-inter-level travel turns spent in this place.
 E = Turns spent auto-exploring this place as a percentage of non-inter-level travel turns spent in this place.
 F = Non-inter-level travel turns spent in this place divided by the number of levels of this place that you've seen.
                   A       B       C       D       E      F
               +-------+-------+-------+-------+-------+----------------------
         Total | 100.0 | 100.0 |   1.9 |  24.2 |  55.2 | 1161.7
       Dungeon | 100.0 | 100.0 |   1.9 |  24.2 |  55.2 | 1161.7
               +-------+-------+-------+-------+-------+----------------------

Table legend:
 A = Kills in this place as a percentage of kills in entire the game.
 B = Kills by you in this place as a percentage of kills by you in the entire game.
 C = Kills by friends in this place as a percentage of kills by friends in the entire game.
 D = Other kills in this place as a percentage of other kills in the entire game.
 E = Experience gained in this place as a percentage of experience gained in the entire game.
 F = Experience gained in this place divided by the number of levels of this place that you have seen.
                   A       B       C       D       E      F
               +-------+-------+-------+-------+-------+----------------------
         Total | 100.0 | 100.0 |   N/A |   N/A | 100.0 | 135.7
       Dungeon | 100.0 | 100.0 |   N/A |   N/A | 100.0 | 135.7
               +-------+-------+-------+-------+-------+----------------------
